 Dungeon Crawl Stone Soup version 0.19-a0-1827-g174f941 (webtiles) character file.

9445 Kurtz the Basher (level 11, 0/91 HPs)
             Began as a Demigod Gladiator on Oct 8, 2016.
             Slain by an enormous slime creature (76 damage)
             ... on level 11 of the Dungeon.
             The game lasted 00:18:49 (11487 turns).

Kurtz the Basher (Demigod Gladiator)               Turns: 11487, Time: 00:18:49

Health: 0/91       AC: 13    Str: 24    XL:     11   Next: 3%
Magic:  15/15      EV: 14    Int:  7    God:
Gold:   175        SH:  0    Dex: 23    Spells: 0 memorised, 10 levels left

rFire  . . .     SeeInvis .     y - +4 flail of Intimidation {crush, Dex+3}
rCold  . . .     Gourm    .     A - +0 chain mail
rNeg   + . .     Faith    .     (no shield)
rPois  .         Spirit   .     c - +0 helmet
rElec  .         Dismiss  .     w - +0 cloak
rCorr  .         Reflect  .     D - +0 pair of gloves
MR     +....     Harm     .     (no boots)
Stlth  ..........               P - amulet of rage
                                m - ring "Fyidua" {rN+ Str+4 Int-5 Stlth-}
                                L - +3 ring of evasion

@: no status effects
A: high mp 1
a: Evoke Berserk Rage


You were on level 11 of the Dungeon.
You were not hungry.

You visited 2 branches of the dungeon, and saw 12 of its levels.

You collected 910 gold pieces.
You spent 735 gold pieces at shops.

Inventory:

Hand Weapons
 j - a +2 mace of holy wrath
 y - the +4 flail of Intimidation (weapon) {crush, Dex+3}
   (You found it on level 6 of the Dungeon)

   It inflicts extra damage upon your enemies.
   It affects your dexterity (+3).
 F - a +0 morningstar
 R - a +0 blowgun
Missiles
 d - 5 throwing nets (quivered)
 k - 5 tomahawks
 U - 10 curare-tipped needles
Armour
 c - a +0 helmet (worn)
 w - a +0 cloak (worn)
 A - a +0 chain mail (worn)
 D - a +0 pair of gloves (worn)
Jewellery
 m - the ring "Fyidua" (right hand) {rN+ Str+4 Int-5 Stlth-}
   (You bought it in a shop on level 5 of the Dungeon)

   [ring of loudness]

   It affects your strength (+4).
   It affects your intelligence (-5).
   It protects you from negative energy.
   It makes you less stealthy.
 C - an uncursed ring of resist corrosion
 L - a +3 ring of evasion (left hand)
 P - an amulet of rage (around neck)
Wands
 o - a wand of digging (22/24)
 p - a wand of iceblast (5/15)
Scrolls
 b - a scroll of acquirement {unknown}
 g - 4 scrolls of immolation
 i - a scroll of recharging
 l - 3 scrolls of fear
 q - 2 scrolls of blinking
 t - 5 scrolls of fog {unknown}
 v - 8 scrolls of teleportation
 x - 2 scrolls of random uselessness {unknown}
 G - 3 scrolls of remove curse
 H - a scroll of noise {unknown}
 I - 4 scrolls of enchant armour {unknown}
 J - 2 scrolls of summoning {unknown}
 M - a scroll of torment {unknown}
 T - 2 scrolls of identify
Potions
 e - 2 potions of brilliance
 n - 2 potions of curing
 r - a potion of agility
 s - 3 potions of heal wounds {unknown}
 u - 2 potions of might
 E - 2 potions of berserk rage
 K - a potion of lignification {unknown}
 N - a potion of haste
 Q - a potion of magic {unknown}
Miscellaneous
 S - a sack of spiders
Comestibles
 a - 12 chunks of flesh
 f - 7 bread rations
 h - 5 meat rations
 z - a beef jerky
 B - 5 fruits
 O - 9 slices of pizza


   Skills:
 + Level 6.4 Fighting
 * Level 13.1 Maces & Flails
 + Level 1.7 Throwing
 - Level 5.3 Armour
 + Level 4.3 Dodging
 + Level 2.2 Evocations


You had 10 spell levels left.
You didn't know any spells.

Dungeon Overview and Level Annotations

Branches:
Dungeon (11/15)            Temple (1/1) D:5            Lair (0/6) D:9
    Orc: D:9-12

Shops:
D:5 =   D:7 !

Portals:
Trove: D:10 (give +5 fire dragon armour)


Innate Abilities, Weirdness & Mutations

You have an increased reservoir of magic. (+10% MP)


Message History

The slime creature is moderately wounded.
You thump the slime creature!
The slime creature is heavily wounded.
The slime creature barely misses you.
You hit the slime creature.
The slime creature is heavily wounded.
The slime creature hits you!
You thump the slime creature!
The slime creature is almost dead.
The slime creature barely misses you.
You hit the slime creature.
The slime creature is almost dead.
A slime creature suddenly becomes an enormous slime creature.
You sock the enormous slime creature!
The enormous slime creature is moderately wounded.
You hit the enormous slime creature.
The enormous slime creature is moderately wounded.
The enormous slime creature hits you!!!!
Ouch! That really hurt!
You die...

########### #.........#
#.........# #.........#
#.........#
#.........###############
#.......@................
#......J..###############
#......a..# ######.####
#....# #J#### #'#
#.J..J...a....
#.JJJ.........


You could see an enormous slime creature and a worker ant.

Vanquished Creatures
  Harold (D:10)
  The ghost of xnavy the Basher, a novice DgAr (D:9)
  Sonja (D:11)
  A hill giant (D:10)
  Joseph (D:10)
  Grinder (D:5)
  A hippogriff (D:10)
  10 yaks
  A human (D:9)
  2 hungry ghosts
  Eustachio (D:5)
  Menkaure (D:4)
  A soldier ant (D:9)
  2 orc warriors
  An ice beast (D:10)
  2 sky beasts
  2 black bears
  A phantom (D:8)
  4 necrophages
  6 ogres
  6 centaurs
  A big kobold (D:9)
  5 bullfrogs
  A wyvern skeleton (D:11)
  3 killer bees (D:7)
  7 howler monkeys (D:7)
  A crimson imp (D:9)
  6 hounds
  A quasit (D:8)
  3 jellies
  A centaur skeleton (D:5)
  5 orc priests
  A bullfrog skeleton (D:4)
  4 iguanas
  8 orc wizards
  3 worker ants
  4 hound skeletons
  3 worker ant zombies
  3 howler monkey skeletons
  12 adders
  3 shadow imps
  4 adder skeletons
  An adder zombie (D:7)
  5 worms
  A dart slug (D:2)
  7 leopard geckos
  40 orcs
  11 bats
  8 giant cockroaches
  7 goblins
  10 hobgoblins
  20 jackals
  10 kobolds
  4 quokkas
  4 ball pythons
  5 frilled lizards
  A jackal skeleton (D:7)
  A jackal zombie (D:8)
  A leopard gecko zombie (D:8)
  14 rats
  2 fungi (D:9)
  2 plants (D:9)
280 creatures vanquished.

Vanquished Creatures (others)
  6 fungi (D:9)
  2 plants (D:9)
8 creatures vanquished.

Grand Total: 288 creatures vanquished

Notes
Turn   | Place    | Note
-------+----------+-------------------------------------------
     0 | D:1      | Kurtz the Demigod Gladiator began the quest for the Orb.
     0 | D:1      | Reached XP level 1. HP: 17/17 MP: 3/3
   218 | D:1      | Reached skill level 3 in Maces & Flails
   242 | D:1      | Reached XP level 2. HP: 24/24 MP: 4/4
   915 | D:2      | Reached XP level 3. HP: 29/29 MP: 5/5
  1489 | D:2      | Reached skill level 4 in Maces & Flails
  1494 | D:2      | Reached XP level 4. HP: 33/36 MP: 6/6
  1598 | D:2      | Found a hazy altar of Hepliaklqana.
  2184 | D:3      | Reached XP level 5. HP: 41/41 MP: 7/7
  2416 | D:4      | Reached skill level 5 in Maces & Flails
  3084 | D:4      | Noticed an ogre
  3097 | D:4      | Killed an ogre
  3097 | D:4      | Reached XP level 6. HP: 19/50 MP: 8/8
  3322 | D:4      | Reached skill level 6 in Maces & Flails
  3352 | D:4      | Found a deep blue altar of Sif Muna.
  3409 | D:4      | Noticed Menkaure
  3439 | D:5      | Entered Level 5 of the Dungeon
  3628 | D:4      | Killed Menkaure
  4001 | D:5      | Reached XP level 7. HP: 53/57 MP: 9/9
  4055 | D:5      | Reached skill level 7 in Maces & Flails
  4250 | D:5      | Found Moqadeoq's Jewellery Emporium.
  4262 | D:5      | Bought the ring "Fyidua" {rN+ Str+4 Int-5 Stlth-} for 215 gold pieces
  4374 | D:5      | Noticed Eustachio
  4413 | D:5      | Found a staircase to the Ecumenical Temple.
  4422 | Temple   | Entered the Ecumenical Temple
  4495 | D:5      | Killed Eustachio
  4607 | D:5      | Noticed Grinder
  4618 | D:5      | Killed Grinder
  4618 | D:5      | Reached skill level 8 in Maces & Flails
  5089 | D:6      | Reached XP level 8. HP: 63/66 MP: 10/10
  5290 | D:6      | Found a shattered altar of Ashenzari.
  5319 | D:6      | Found a sacrificial altar of Ru.
  5432 | D:6      | Got a steaming flail
  5433 | D:6      | Identified the +4 flail of Intimidation {crush, Dex+3} (You found it on level 6 of the Dungeon)
  5613 | D:6      | Reached skill level 1 in Armour
  5619 | D:6      | Gained mutation: You are weak. (Str -2) [mutagenic meat]
  5622 | D:6      | Gained mutation: Your body sometimes deteriorates upon taking damage. [mutagenic meat]
  5625 | D:6      | Gained mutation: You expend magic power (3 MP) to strengthen your wands. [mutagenic meat]
  5634 | D:6      | Lost mutation: Your body sometimes deteriorates upon taking damage. [potion of cure mutation]
  5634 | D:6      | Lost mutation: You are weak. (Str -2) [potion of cure mutation]
  5634 | D:6      | Lost mutation: You expend magic power (3 MP) to strengthen your wands. [potion of cure mutation]
  5877 | D:7      | Found Qiogesew's Distillery.
  5889 | D:7      | Reached skill level 9 in Maces & Flails
  6079 | D:7      | Found a blossoming altar of Fedhas.
  6384 | D:7      | Reached skill level 10 in Maces & Flails
  6765 | D:8      | Reached XP level 9. HP: 63/71 MP: 11/11
  7168 | D:8      | Found an opulent altar of Gozag.
  7947 | D:9      | Found a staircase to the Lair.
  8120 | D:9      | Reached skill level 11 in Maces & Flails
  8143 | D:9      | Noticed xnavy's ghost (novice DgAr)
  8507 | D:9      | Killed xnavy's ghost
  8507 | D:9      | Reached skill level 5 in Fighting
  8650 | D:9      | Reached XP level 10. HP: 58/81 MP: 13/13
  8743 | D:9      | Found a hide-covered altar of Uskayaw.
  8743 | D:9      | Found a basalt altar of Yredelemnul.
  8744 | D:9      | Found a snail-covered altar of Cheibriados.
  8744 | D:9      | Found a shimmering altar of Xom.
  8744 | D:9      | Found a stormy altar of Qazlal.
  8744 | D:9      | Found an iron altar of Okawaru.
  8898 | D:9      | Found a glowing golden altar of the Shining One.
  9469 | D:5      | Bought an uncursed amulet of rage for 520 gold pieces
  9573 | D:10     | Entered Level 10 of the Dungeon
  9755 | D:10     | Found a portal to a secret trove of treasure.
  9988 | D:10     | Noticed Joseph
  9995 | D:10     | Killed Joseph
  9995 | D:10     | Reached skill level 12 in Maces & Flails
 10228 | D:10     | Noticed Harold
 10230 | D:10     | Noticed a hill giant
 10246 | D:10     | Killed Harold
 10246 | D:10     | Reached skill level 1 in Evocations
 10346 | D:10     | Killed a hill giant
 10346 | D:10     | Reached skill level 5 in Armour
 11151 | D:11     | Noticed Sonja
 11173 | D:11     | Killed Sonja
 11173 | D:11     | Reached skill level 13 in Maces & Flails
 11270 | D:11     | Reached XP level 11. HP: 86/91 MP: 15/15
 11487 | D:11     | Slain by an enormous slime creature

Vault maps used:
D:1:      wheals_arrival_linesprint
D:2:      marbit_many_paths, first_bread, minmay_domino_4
D:3:      grunt_ministairs_13
D:4:      lemuel_blue_sif_altar, uniq_menkaure
D:5:      serial_shops, shop_fountains, uniq_grinder, uniq_eustachio
D:6:      nicolae_ru_great_annihilating_truth, kennysheep_mini
D:7:      lemuel_ice_spiral_2, fedhas_altar_2, serial_shops, shop,
          serial_curves, eino_curves_04, eino_curves_02
D:8:      grunt_gozag_breadcrumbs
D:9:      minmay_goldmine, grunt_temple_overflow_open,
          due_lair_maze_entry_diamond, grunt_livestock
D:10:     kennysheep_six_static_rooms, nicolae_trove_entry_diagonal,
          uniq_harold, uniq_joseph
D:11:     kennysheep_orc_monster_closet_entryway, uniq_sonja
Temple:   nicolae_temple_figure_zero

Skill      XL: |  1  2  3  4  5  6  7  8  9 10 |
---------------+-------------------------------+-----
Maces & Flails | 3 4 5 6 8 10 11 13 | 13.1
Dodging        | 3 4 |  4.3
Fighting       | 2 3 4 5 6 |  6.4
Armour         | 2 4 5 |  5.3
Evocations     | 2 |  2.2
Throwing       | |  1.7

Action                   |  1- 3 |  4- 6 |  7- 9 | 10-12 || total
-------------------------+-------+-------+-------+-------++-------
Melee: Mace              |   111 |   215 |   159 |       ||   485
       Flail             |    10 |       |   239 |   192 ||   441
       Morningstar       |       |       |    23 |       ||    23
Throw: Throwing net      |     1 |     2 |     5 |     5 ||    13
 Abil: Evoke Berserk Rag |       |       |       |     6 ||     6
Evoke: Wand              |       |       |       |     1 ||     1
  Use: Potion            |     2 |       |     5 |     1 ||     8
       Scroll            |       |     4 |     7 |     1 ||    12
 Stab: Sleeping          |     3 |       |       |       ||     3
       Held in net/web   |       |       |     2 |     2 ||     4
       Paralysed         |       |       |     1 |       ||     1
  Eat: Chunk             |     2 |     5 |    17 |    13 ||    37
       Pizza             |       |     2 |       |       ||     2
       Beef jerky        |       |       |     2 |     1 ||     3
Armor: Leather armour    |    17 |       |       |       ||    17
       Ring mail         |    10 |    45 |       |       ||    55
       Chain mail        |       |    65 |   222 |    61 ||   348
       Skin              |       |     1 |       |       ||     1
Dodge: Dodged            |    77 |   122 |   266 |    75 ||   540
